 Dungeon Crawl Stone Soup version 0.30-a0-1160-g6e42c06551 (webtiles) character file.

Game seed: 8851397285919127171

599 Dittersdorf the Shield-Bearer (level 7, -1/44 HPs)
             Began as a Gargoyle Fighter on Apr 26, 2023.
             Slain by a gnoll bouda
             ... wielding a +0 club
              (9 damage)
             ... on level 4 of the Dungeon.
             The game lasted 00:03:47 (3115 turns).

Dittersdorf the Shield-Bearer (Gargoyle Fighter)    Turns: 3115, Time: 00:03:47

Health: -1/44      AC: 13    Str: 21    XL:     7   Next: 41%
Magic:  7/7        EV:  9    Int:  9    God:
Gold:   171        SH:  4    Dex:  9    Spells: 6/6 levels left

rFire   . . .        a - +0 flail
rCold   . . .        c - +0 buckler
rNeg    + . .        b - +0 scale mail
rPois   ∞            (no helmet)
rElec   +            (no cloak)
rCorr   .            q - +0 pair of gloves
SInv    .            (no boots)
Will    .....        o - amulet of the acrobat Stlth
                     g - ring of wizardry
HPRegen 0.27/turn    (no ring)
MPRegen 0.10/turn

%: acrobat, wizardry (x1)
@: weakened
A: sickness immunity, AC +4, negative energy resistance 1, electricity
resistance, torment resistance 1, petrification resistance
a: no special abilities


You were on level 4 of the Dungeon.
You visited 1 branch of the dungeon, and saw 5 of its levels.

You collected 171 gold pieces.

Inventory:

Hand Weapons
 a - a +0 flail (weapon)
Armour
 b - a +0 scale mail (worn)
 c - a +0 buckler (worn)
 n - a +0 plate armour
 q - a +0 pair of gloves (worn)
Jewellery
 g - a ring of wizardry (left hand)
 o - an amulet of the acrobat (around neck)
Scrolls
 h - a scroll of fog
 l - a scroll of blinking
Potions
 d - a potion of might
 e - a potion of degeneration {unknown}
 i - a potion of attraction {unknown}
 m - a potion of heal wounds {unknown}
 p - a potion of brilliance {unknown}
 r - a potion of haste
 s - a potion of curing
 t - a potion of resistance


   Skills:
 + Level 5.3 Fighting
 + Level 4.2 Maces & Flails
 + Level 5.3 Armour
 + Level 5.3 Shields


You had 6 spell levels left.
You didn't know any spells.
Your spell library contained the following spells:

 Spells                   Type           Power      Damage    Failure   Level
 Sandblast                Erth           0%         2d4       43%         1
 Passwall                 Tmut/Erth      0%         N/A       56%         2
 Scorch                   Fire           0%         2d5       56%         2
 Stone Arrow              Conj/Erth      0%         3d7       80%         3
 Flame Wave               Conj/Fire      0%         2d4       99%         4
 Summon Cactus Giant      Summ           0%         N/A       100%        6


Dungeon Overview and Level Annotations

Branches:
Dungeon (5/15)
 Temple: D:4-7

Altars:
Hepliaklqana

Shops:
D:4 :


Innate Abilities, Weirdness & Mutations

You are immune to sickness and miasma.
Your stone body is resilient. (AC +4)
You are immune to poison.
You resist negative energy. (rN+)
You are resistant to electric shocks. (rElec)
You are resistant to unholy torment.
You are immune to petrification.


Message History

You are too injured to fight recklessly!
You are too injured to fight recklessly!
You are too injured to fight recklessly!
You are too injured to fight recklessly!
You are too injured to fight recklessly!
You are too injured to fight recklessly!
The gnoll attacks as you move away! The gnoll hits you but does no damage.
The gnoll bouda attacks as you move away!
The gnoll bouda completely misses you.
A gnoll comes into view. It is wielding a +0 spear.
There is a stone staircase leading up here.
Your attacks no longer feel as feeble.
The gnoll is no longer moving quickly.
You climb upwards.
There is a stone staircase leading down here.
The gnoll bouda attacks as you move away!
The gnoll bouda hits you with a +0 club.
* * * LOW HITPOINT WARNING * * *
The gnoll bouda gazes fiercely through you!
You feel your attacks grow feeble.
The gnoll bouda attacks as you move away!
The gnoll bouda completely misses you.
You barely miss the gnoll bouda.
The gnoll bouda hits you but does no damage.
You closely miss the gnoll bouda.
The gnoll bouda hits you but does no damage.
You closely miss the gnoll bouda.
The gnoll bouda gazes fiercely through you!
You feel as though you will be weak longer.
The gnoll bouda hits you with a +0 club.
* * * LOW HITPOINT WARNING * * *
The gnoll bouda hits you with a +0 club.
* * * LOW HITPOINT WARNING * * *
You hit the gnoll bouda.
The gnoll bouda is lightly wounded.
You block the gnoll bouda's attack.
You closely miss the gnoll bouda.
The gnoll bouda is lightly wounded.
The gnoll bouda hits you with a +0 club!
You die...

#..# ##.## #..# #.#
##..####.# .........#
##.......#
##.#####.###### ##.#
#......# ##.#
###.####.#########
##.###........>g@.....#
##.....#.####.#######.#
##.#####.# #)#### #.#
.........# #....# #.#
.........# #....# #.#
##)##########....####.#
#.....................#
#...................###
#..#######..........#


You could see a gnoll bouda.

Vanquished Creatures
  Grinder (D:3)
  A black bear (D:4)
  A centaur (D:5)
  2 hounds (D:4)
  A jelly (D:4)
  5 adders
  A gnoll (D:5)
  2 worms
  A dart slug (D:2)
  5 orcs (D:4)
  7 ball pythons
  11 endoplasms
  3 giant cockroaches
  6 goblins
  7 hobgoblins
  3 jackals (D:3)
  7 kobolds
  4 quokkas
  2 bats (D:2)
  2 frilled lizards (D:2)
  7 rats
79 creatures vanquished.

Notes
Turn   | Place    | Note
-------+----------+-------------------------------------------
     0 | D:1      | Dittersdorf the Gargoyle Fighter began the quest for the
                  | Orb.
     0 | D:1      | Reached XP level 1. HP: 14/14 MP: 1/1
   285 | D:1      | Reached XP level 2. HP: 9/19 MP: 2/2
   775 | D:2      | Reached XP level 3. HP: 11/23 MP: 3/3
  1576 | D:3      | Found a hazy altar of Hepliaklqana.
  1861 | D:3      | Reached XP level 4. HP: 29/29 MP: 4/4
  1995 | D:3      | Noticed Grinder
  2023 | D:3      | Killed Grinder
  2024 | D:3      | Reached XP level 5. HP: 26/34 MP: 5/5
  2024 | D:3      | Reached XP level 6. HP: 30/39 MP: 6/6
  2417 | D:4      | Found Zuqy's Book Shoppe.
  2551 | D:4      | Noticed a black bear
  2560 | D:4      | Killed a black bear
  2561 | D:4      | Reached skill level 5 in Fighting
  2561 | D:4      | Reached skill level 5 in Armour
  2561 | D:4      | Reached skill level 5 in Shields
  2561 | D:4      | Reached XP level 7. HP: 27/44 MP: 7/7
  2999 | D:5      | Entered Level 5 of the Dungeon
  3115 | D:4      | Slain by a gnoll bouda

Illustrated notes

Levels and vault maps discovered:
D:1:      erik_arrival_cave_to_civilisation [erik_arrival_cave_to_hall],
          layout_rooms
D:2:      layout_loops_ring, nrook_mini_vaults
D:3:      layout_basic, mainiacjoe_overflow_surrounded_room, uniq_grinder
D:4:      cheibrodos_old_hovel, layout_loops_ring, serial_shops, shop
D:5:      layout_rooms, nicolae_sif_muna_condensation,
          grunt_temple_overflow_open, minmay_temple_entry_waves,
          ebering_ghost_reflecting_pool, uniq_ijyb

Skill      XL: |  1  2  3  4  5  6 |
---------------+-------------------+-----
Fighting       | 4 5 |  5.3
Maces & Flails | 3 4 |  4.2
Armour         | 4 5 |  5.3
Shields        | 4 5 |  5.3

Action                     |  1- 3 |  4- 6 |  7- 9 || total
---------------------------+-------+-------+-------++-------
  Melee: Flail             |   121 |   105 |    57 ||   283
    Use: Scroll            |       |       |     7 ||     7
 Armour: Scale mail        |    70 |    58 |    39 ||   167
  Dodge: Dodged            |    47 |    56 |    36 ||   139
  Block: Buckler           |    19 |    20 |    21 ||    60

Table legend: (Time is in decaauts)
 A = Elapsed time spent in this place.
 B = Non-inter-level travel time spent in this place.
 C = Inter-level travel time spent in this place.
 D = Time resting spent in this place.
 E = Time spent auto-exploring this place.
 F = Levels seen in this place.
 G = Mean time per level.
                   A        B        C        D        E       F      G
               +--------+--------+--------+--------+--------+-----+--------+
         Total |   3193 |   2968 |    225 |     64 |   2275 |   5 |  638.6 |
       Dungeon |   3193 |   2968 |    225 |     64 |   2275 |   5 |  638.6 |
               +--------+--------+--------+--------+--------+-----+--------+

Top non-repeatable levels by time:
     D:4: 908 daAuts
     D:2: 825 daAuts
     D:3: 724 daAuts
     D:1: 645 daAuts
     D:5: 89 daAuts
